Rangers vs BlackHawks

Created - October-14-12 at 19:40

Goals
1 2 3 T
Rangers 1 2 1 4
BlackHawks 0 0 0 0
Shots
1 2 3 T
Rangers 6 11 13 30
BlackHawks 10 4 8 22

1st period

1. Rangers , David Legwand 1 (David Perron, Mike Weaver) at 0:50

Penalties :
Sheldon Souray (NYR) for Interference (Minor) at 4:48, Mark Eaton (CHI) for Tripping (Minor) at 13:24

2nd period

2. Rangers , Ilya Kovalchuk 2 (Tyler Ennis) at 12:35
3. Rangers , Vinny Prospal 1 (Radim Vrbata, Ilya Kovalchuk) at 13:29 (PP)

Penalties :
Jim Slater (NYR) for Boarding (Minor) at 8:24, Darren Helm (CHI) for Hooking (Minor) at 12:41, Brett Clark (CHI) for Hooking (Minor) at 17:35, Chris Campoli (CHI) for Holding (Minor) at 19:23

3rd period

4. Rangers , Stephane Robidas 1 (Radim Vrbata, Vinny Prospal) at 6:37 (PP)

Penalties :
P.K. Subban (CHI) for Interference (Minor) at 1:28, Mark Eaton (CHI) for Hooking (Minor) at 6:27, Zack Smith (NYR) for Hooking (Minor) at 10:27, Francois Beauchemin (NYR) for Roughing (Minor) at 11:19, Robyn Regehr (CHI) for Cross-checking (Minor) at 13:51

Goalie Stats

Tomas Vokoun (NYR), 22 saves from 22 shots - (1.000), W, 2-0-0, 60:00 minutes
Martin Brodeur (CHI), 26 saves from 30 shots - (0.867), L, 1-1-0, 60:00 minutes

Players Stats for Rangers

Player Name              G  A  P  +/- PIM S  H  SB GA TA FO     MP     PP MP  PK MP  
------------------------------------------------------------------------------------
Bryan Allen              0  0  0   0  0   0  4  2  0  0  0/0    15:48   0:00   3:21 
Carl Hagelin             0  0  0   0  0   0  0  0  0  0  0/0    10:59   0:00   0:57 
Chris Kunitz             0  0  0   0  0   1  2  0  0  0  0/1    10:02   0:00   0:00 
David Legwand            1  0  1   1  0   2  0  0  0  0  8/19   17:29   4:55   0:06 
David Perron             0  1  1   1  0   4  4  0  0  0  2/3    17:23   4:55   0:00 
Francois Beauchemin      0  0  0   1  2   3  3  1  0  0  0/0    25:18   6:00   2:28 
Frans Nielsen            0  0  0   0  0   2  0  1  0  0  6/12   11:09   0:00   1:07 
Ilya Kovalchuk           1  1  2   1  0   2  2  0  0  0  1/2    20:59   5:47   0:00 
Jim Slater               0  0  0   0  2   0  1  0  0  0  6/12    7:50   0:00   3:04 
Marc Staal               0  0  0   0  0   1  2  1  0  0  0/0    12:32   0:00   0:05 
Mike Weaver              0  1  1   1  0   1  4  0  0  0  0/0    21:22   4:42   3:28 
Radim Vrbata             0  2  2   1  0   6  1  0  0  0  2/3    22:34   5:47   1:35 
Ryan Jones               0  0  0   0  0   2  1  0  0  0  0/0     8:25   0:00   3:38 
Sheldon Souray           0  0  0   1  2   2  1  0  0  0  0/0    19:14   4:42   1:21 
Stephane Robidas         1  0  1   1  0   2  5  0  0  0  0/0    25:44   6:00   2:54 
Tyler Ennis              0  1  1   1  0   1  0  0  0  0  7/20   20:07   4:55   0:00 
Vinny Prospal            1  1  2   1  0   1  4  0  0  0  4/10   19:12   5:47   0:57 
Zack Smith               0  0  0   0  2   0  1  0  0  0  0/0     5:53   0:00   1:07 

Players Stats for BlackHawks

Player Name              G  A  P  +/- PIM S  H  SB GA TA FO     MP     PP MP  PK MP  
------------------------------------------------------------------------------------
Anton Babchuk            0  0  0   0  0   0  0  1  0  0  0/0    16:13   0:00   4:16 
Brett Clark              0  0  0  -1  2   1  2  1  0  0  0/0    19:46   3:46   3:47 
Bryan Little             0  0  0  -1  0   2  0  0  0  0  2/2    23:14   3:05   5:37 
Chris Campoli            0  0  0  -1  2   0  1  0  0  0  0/0    19:49   3:46   3:49 
Daniel Paille            0  0  0   0  0   0  0  0  0  0  0/0     3:25   0:00   1:00 
Darren Helm              0  0  0  -1  2   3  1  1  0  0  11/22  19:34   3:44   3:32 
Davis Drewiske           0  0  0   0  0   0  0  0  0  0  0/0     5:01   0:00   2:09 
Jamie McGinn             0  0  0  -1  0   1  1  1  0  0  1/1    16:34   3:44   0:00 
Jay McClement            0  0  0   0  0   0  0  0  0  0  2/4     2:25   0:00   0:00 
Louis Leblanc            0  0  0   0  0   2  0  0  0  0  1/1    12:42   0:00   0:00 
Mark Eaton               0  0  0   0  4   0  0  0  0  0  0/0    12:26   0:00   0:00 
Mathieu Darche           0  0  0   0  0   1  0  0  0  0  2/2    14:13   0:00   1:31 
P.K. Subban              0  0  0  -1  2   0  2  2  0  0  0/0    24:35   3:03   3:46 
Robyn Regehr             0  0  0  -1  2   0  4  0  0  0  0/0    22:04   3:03   3:36 
Samuel Pahlsson          0  0  0   0  0   2  1  0  0  0  7/9    13:45   0:00   0:32 
Simon Gagne              0  0  0  -1  0   2  0  0  0  0  0/1    20:28   3:05   2:51 
Tyler Kennedy            0  0  0  -1  0   3  0  0  0  0  0/0    16:34   3:44   0:00 
Zach Parise              0  0  0  -1  0   5  0  0  0  0  20/40  26:12   3:05   6:10 

3 Stars

1 - Tomas Vokoun (NYR)
2 - Vinny Prospal (NYR)
3 - Ilya Kovalchuk (NYR)

Power Play

Rangers - 2 on 7 Attempt(s) - 28.57%
BlackHawks - 0 on 4 Attempt(s) - 0.00%

Penalty Kill

Rangers - 4 on 4 Attempt(s) - 100.00% - Score 0 goal in Penalty Kill
BlackHawks - 5 on 7 Attempt(s) - 71.43% - Score 0 goal in Penalty Kill

Official

Referees : Matt MacPherson and Francois StLaurent
Linesman : Brian Murphy and Jonny Murray

Game Notes

No Game Note

Finance

Level 1 -- Attendance: 6250 (96.15%) -- Ticket Income $531,250
Level 2 -- Attendance: 5000 (100.00%) -- Ticket Income $275,000
Level 3 -- Attendance: 3500 (100.00%) -- Ticket Income $105,000
Level 4 -- Attendance: 3352 (74.49%) -- Ticket Income $67,040
Luxury Box -- Attendance: 1000 (100.00%) -- Ticket Income $175,000
Game was played at the United Center
Total Attendance: 19102 (93.18%)
Total Ticket Income: $1,153,290
Other Income: $172,994
Total Income: $1,326,284


% Time on Ice - Rangers

Lines # - Real PCT - Wanted PCT - Time Play
Normal Forward
1 - 36% - 40% - 15:12
2 - 29% - 30% - 12:28
3 - 24% - 20% - 10:02
4 - 11% - 10% - 4:47
Normal Defense
1 - 38% - 40% - 16:10
2 - 31% - 30% - 13:12
3 - 29% - 25% - 12:27
4 - 2% - 5% - 0:40
PP Forward
1 - 54% - 60% - 5:47
2 - 46% - 40% - 4:55
PP Defense
1 - 56% - 60% - 6:00
2 - 44% - 40% - 4:42
PK Forward
1 - 80% - 60% - 4:35
2 - 20% - 40% - 1:07
PK Defense
1 - 49% - 60% - 2:48
2 - 51% - 40% - 2:54
PK3 Forward
1 - 81% - 60% - 0:54
2 - 19% - 40% - 0:13
PK3 Defense
1 - 60% - 60% - 0:40
2 - 40% - 40% - 0:27
44 Forward
1 - 0% - 60%
2 - 0% - 40%
44 Defense
1 - 0% - 60%
2 - 0% - 40%
Last Minute Offensive  - 0:00
Last Minute Defensive  - 0:00
Total
Forward - 60:00
Defense - 60:00

% Time on Ice - BlackHawks

Lines # - Real PCT - Wanted PCT - Time Play
Normal Forward
1 - 34% - 40% - 14:32
2 - 30% - 30% - 12:50
3 - 30% - 20% - 12:42
4 - 6% - 10% - 2:25
Normal Defense
1 - 36% - 40% - 15:26
2 - 29% - 30% - 12:14
3 - 29% - 20% - 12:28
4 - 6% - 10% - 2:21
PP Forward
1 - 45% - 60% - 3:05
2 - 55% - 40% - 3:44
PP Defense
1 - 45% - 60% - 3:03
2 - 55% - 40% - 3:46
PK Forward
1 - 73% - 60% - 7:40
2 - 27% - 40% - 2:51
PK Defense
1 - 53% - 60% - 5:34
2 - 47% - 40% - 4:57
PK3 Forward
1 - 100% - 60% - 0:11
2 - 0% - 40% - 0:00
PK3 Defense
1 - 100% - 60% - 0:11
2 - 0% - 40% - 0:00
44 Forward
1 - 0% - 60%
2 - 0% - 40%
44 Defense
1 - 0% - 60%
2 - 0% - 40%
Last Minute Offensive  - 0:00
Last Minute Defensive  - 0:00
Total
Forward - 60:00
Defense - 60:00

Play by Play

1st period


0:01 of 1st period - Zach Parise wins face-off versus Tyler Ennis in neutral zone.
0:20 of 1st period - Shot by Simon Gagne.
0:20 of 1st period - Shot Misses the Net.
0:22 of 1st period - Shot by Zach Parise.
0:22 of 1st period - Shot Misses the Net.
0:24 of 1st period - Shot by Bryan Little.
0:24 of 1st period - Shot Misses the Net.
0:26 of 1st period - Shot by Zach Parise.
0:26 of 1st period - Shot Blocked by Francois Beauchemin.
0:28 of 1st period - Shot by Zach Parise.
0:28 of 1st period - Stopped by Tomas Vokoun without a rebound.
0:29 of 1st period - David Legwand wins face-off versus Darren Helm in Rangers zone.
0:50 of 1st period - Shot by David Legwand.
0:50 of 1st period - Goal by David Legwand - Rangers : 1 - BlackHawks : 0.
0:51 of 1st period - Mathieu Darche wins face-off versus Frans Nielsen in neutral zone.
1:07 of 1st period - Louis Leblanc is hit by Bryan Allen and loses puck.
1:26 of 1st period - Shot by Samuel Pahlsson.
1:26 of 1st period - Shot Blocked by Frans Nielsen.
1:28 of 1st period - Shot by Louis Leblanc.
1:28 of 1st period - Stopped by Tomas Vokoun without a rebound.
1:29 of 1st period - Jim Slater wins face-off versus Jay McClement in Rangers zone.
3:04 of 1st period - Shot by Darren Helm.
3:04 of 1st period - Stopped by Tomas Vokoun without a rebound.
3:05 of 1st period - Samuel Pahlsson wins face-off versus David Legwand in Rangers zone.
3:14 of 1st period - Shot by Louis Leblanc.
3:14 of 1st period - Shot Blocked by Marc Staal.
3:35 of 1st period - Shot by Louis Leblanc.
3:35 of 1st period - Shot Blocked by Bryan Allen.
4:08 of 1st period - Brett Clark is hit by Stephane Robidas and loses puck.
4:29 of 1st period - Shot by Tyler Kennedy.
4:29 of 1st period - Stopped by Tomas Vokoun with a rebound.
4:31 of 1st period - Shot by Brett Clark.
4:31 of 1st period - Stopped by Tomas Vokoun without a rebound.
4:32 of 1st period - Zach Parise wins face-off versus Tyler Ennis in Rangers zone.
4:48 of 1st period - Minor Penalty to Sheldon Souray for Interference.
4:49 of 1st period - Jim Slater wins face-off versus Darren Helm in Rangers zone.
5:46 of 1st period - Ryan Jones is hit by Robyn Regehr and loses puck.
6:54 of 1st period - Anton Babchuk is hit by Marc Staal and loses puck.
7:47 of 1st period - Shot by Zach Parise.
7:47 of 1st period - Stopped by Tomas Vokoun without a rebound.
7:48 of 1st period - Darren Helm wins face-off versus Tyler Ennis in Rangers zone.
8:00 of 1st period - Icing by Stephane Robidas.
8:01 of 1st period - Zach Parise wins face-off versus Tyler Ennis in Rangers zone.
8:16 of 1st period - Shot by Zach Parise.
8:16 of 1st period - Shot Misses the Net.
8:28 of 1st period - Shot by Tyler Ennis.
8:28 of 1st period - Shot Misses the Net.
8:42 of 1st period - Shot by Ilya Kovalchuk.
8:42 of 1st period - Deflect By Radim Vrbata.
8:42 of 1st period - Stopped by Martin Brodeur without a rebound.
8:43 of 1st period - Jamie McGinn wins face-off versus Frans Nielsen in BlackHawks zone.
9:29 of 1st period - Icing by Darren Helm.
9:30 of 1st period - Darren Helm wins face-off versus Vinny Prospal in BlackHawks zone.
9:30 of 1st period - Darren Helm is hit by Vinny Prospal.
9:40 of 1st period - Darren Helm is hit by David Perron and loses puck.
9:57 of 1st period - Chris Campoli is hit by Vinny Prospal and loses puck.
10:26 of 1st period - Shot by Marc Staal.
10:26 of 1st period - Shot Misses the Net.
10:43 of 1st period - Tyler Ennis is hit by Chris Campoli and loses puck.
11:00 of 1st period - Darren Helm is hit by Bryan Allen and loses puck.
11:18 of 1st period - Icing by P.K. Subban.
11:19 of 1st period - Zach Parise wins face-off versus Frans Nielsen in BlackHawks zone.
11:19 of 1st period - Zach Parise is hit by Chris Kunitz.
11:29 of 1st period - Shot by Zach Parise.
11:29 of 1st period - Shot Misses the Net.
12:11 of 1st period - Robyn Regehr is hit by Francois Beauchemin and loses puck.
12:35 of 1st period - David Perron is hit by P.K. Subban and loses puck.
13:03 of 1st period - Off-side.
13:04 of 1st period - Tyler Ennis wins face-off versus Samuel Pahlsson in neutral zone.
13:24 of 1st period - Minor Penalty to Mark Eaton for Tripping.
13:25 of 1st period - Mathieu Darche wins face-off versus Vinny Prospal in BlackHawks zone.
15:47 of 1st period - Samuel Pahlsson is hit by Zack Smith and loses puck.
15:52 of 1st period - Shot by Jim Slater.
15:52 of 1st period - Shot Blocked by Jamie McGinn.
15:54 of 1st period - Shot by Ryan Jones.
15:54 of 1st period - Stopped by Martin Brodeur without a rebound.
15:55 of 1st period - Frans Nielsen wins face-off versus Jay McClement in BlackHawks zone.
16:04 of 1st period - Shot by Zach Parise.
16:04 of 1st period - Stopped by Tomas Vokoun without a rebound.
16:05 of 1st period - Frans Nielsen wins face-off versus Zach Parise in Rangers zone.
16:15 of 1st period - Shot by Zach Parise.
16:15 of 1st period - Stopped by Tomas Vokoun without a rebound.
16:16 of 1st period - Darren Helm wins face-off versus Tyler Ennis in Rangers zone.
16:19 of 1st period - Shot by Darren Helm.
16:19 of 1st period - Shot Misses the Net.
16:35 of 1st period - Shot by Tyler Ennis.
16:35 of 1st period - Shot Blocked by Darren Helm.
16:37 of 1st period - Shot by Sheldon Souray.
16:37 of 1st period - Shot Misses the Net.
16:39 of 1st period - Shot by Tyler Ennis.
16:39 of 1st period - Stopped by Martin Brodeur without a rebound.
16:40 of 1st period - David Legwand wins face-off versus Zach Parise in BlackHawks zone.
18:07 of 1st period - Shot by Louis Leblanc.
18:07 of 1st period - Stopped by Tomas Vokoun without a rebound.
18:08 of 1st period - Darren Helm wins face-off versus Tyler Ennis in Rangers zone.
18:21 of 1st period - Shot by Jamie McGinn.
18:21 of 1st period - Stopped by Tomas Vokoun with a rebound.
18:39 of 1st period - Shot by Sheldon Souray.
18:39 of 1st period - Stopped by Martin Brodeur without a rebound.
18:40 of 1st period - Frans Nielsen wins face-off versus Zach Parise in BlackHawks zone.
18:52 of 1st period - Frans Nielsen is hit by P.K. Subban.
18:56 of 1st period - Shot by Marc Staal.
18:56 of 1st period - Stopped by Martin Brodeur without a rebound.
18:57 of 1st period - Samuel Pahlsson wins face-off versus Jim Slater in BlackHawks zone.
18:57 of 1st period - Samuel Pahlsson is hit by Ryan Jones.
19:57 of 1st period - Icing by Zach Parise.
19:58 of 1st period - Tyler Ennis wins face-off versus Zach Parise in BlackHawks zone.

2nd period


0:01 of 2nd period - Tyler Ennis wins face-off versus Zach Parise in neutral zone.
0:40 of 2nd period - Shot by Simon Gagne.
0:40 of 2nd period - Shot Misses the Net.
1:23 of 2nd period - Shot by David Legwand.
1:23 of 2nd period - Shot Misses the Net.
1:57 of 2nd period - Shot by Bryan Allen.
1:57 of 2nd period - Shot Misses the Net.
2:08 of 2nd period - Tyler Kennedy is hit by Bryan Allen and loses puck.
2:17 of 2nd period - Shot by Darren Helm.
2:17 of 2nd period - Shot Misses the Net.
2:19 of 2nd period - Shot by Darren Helm.
2:19 of 2nd period - Stopped by Tomas Vokoun with a rebound.
2:24 of 2nd period - Icing by Marc Staal.
2:25 of 2nd period - Samuel Pahlsson wins face-off versus Frans Nielsen in Rangers zone.
2:29 of 2nd period - Mathieu Darche is hit by Bryan Allen and loses puck.
3:19 of 2nd period - Darren Helm is hit by Stephane Robidas and loses puck.
3:23 of 2nd period - Icing by Francois Beauchemin.
3:24 of 2nd period - Tyler Ennis wins face-off versus Darren Helm in Rangers zone.
4:21 of 2nd period - Darren Helm is hit by Vinny Prospal and loses puck.
4:39 of 2nd period - Icing by Vinny Prospal.
4:40 of 2nd period - Jay McClement wins face-off versus David Legwand in Rangers zone.
4:42 of 2nd period - Zach Parise is hit by Mike Weaver.
4:45 of 2nd period - Icing by Mike Weaver.
4:46 of 2nd period - Zach Parise wins face-off versus David Legwand in Rangers zone.
4:47 of 2nd period - Shot by Bryan Little.
4:47 of 2nd period - Stopped by Tomas Vokoun without a rebound.
4:48 of 2nd period - Zach Parise wins face-off versus Frans Nielsen in Rangers zone.
4:49 of 2nd period - Shot by Simon Gagne.
4:49 of 2nd period - Shot Misses the Net.
4:51 of 2nd period - Shot by Bryan Little.
4:51 of 2nd period - Stopped by Tomas Vokoun without a rebound.
4:52 of 2nd period - Tyler Ennis wins face-off versus Zach Parise in Rangers zone.
5:27 of 2nd period - Icing by Francois Beauchemin.
5:28 of 2nd period - Samuel Pahlsson wins face-off versus Tyler Ennis in Rangers zone.
5:43 of 2nd period - Off-side.
5:44 of 2nd period - David Perron wins face-off versus Darren Helm in neutral zone.
5:47 of 2nd period - Shot by Sheldon Souray.
5:47 of 2nd period - Shot Misses the Net.
5:49 of 2nd period - Shot by Vinny Prospal.
5:49 of 2nd period - Shot Blocked by Brett Clark.
5:55 of 2nd period - Shot by David Perron.
5:55 of 2nd period - Stopped by Martin Brodeur without a rebound.
5:56 of 2nd period - Zach Parise wins face-off versus Chris Kunitz in BlackHawks zone.
6:13 of 2nd period - Shot by Carl Hagelin.
6:13 of 2nd period - Shot Misses the Net.
6:27 of 2nd period - Shot by Bryan Little.
6:27 of 2nd period - Shot Misses the Net.
7:04 of 2nd period - Shot by Darren Helm.
7:04 of 2nd period - Shot Misses the Net.
7:48 of 2nd period - Icing by Mark Eaton.
7:49 of 2nd period - David Legwand wins face-off versus Samuel Pahlsson in BlackHawks zone.
7:54 of 2nd period - Shot by Sheldon Souray.
7:54 of 2nd period - Stopped by Martin Brodeur without a rebound.
7:55 of 2nd period - Zach Parise wins face-off versus David Legwand in BlackHawks zone.
8:17 of 2nd period - Icing by Robyn Regehr.
8:18 of 2nd period - Zach Parise wins face-off versus Jim Slater in BlackHawks zone.
8:20 of 2nd period - P.K. Subban is hit by Jim Slater and loses puck.
8:24 of 2nd period - Minor Penalty to Jim Slater for Boarding.
8:25 of 2nd period - Radim Vrbata wins face-off versus Darren Helm in Rangers zone.
8:34 of 2nd period - Shot by Brett Clark.
8:34 of 2nd period - Deflect By Tyler Kennedy.
8:34 of 2nd period - Shot Misses the Net.
10:49 of 2nd period - Shot by Radim Vrbata.
10:49 of 2nd period - Stopped by Martin Brodeur without a rebound.
10:50 of 2nd period - Jay McClement wins face-off versus Jim Slater in BlackHawks zone.
11:01 of 2nd period - Shot by Zach Parise.
11:01 of 2nd period - Stopped by Tomas Vokoun without a rebound.
11:02 of 2nd period - Louis Leblanc wins face-off versus David Legwand in Rangers zone.
11:02 of 2nd period - Louis Leblanc is hit by Marc Staal.
11:18 of 2nd period - Louis Leblanc is hit by David Perron and loses puck.
11:31 of 2nd period - Mark Eaton is hit by David Perron and loses puck.
12:04 of 2nd period - Icing by Sheldon Souray.
12:05 of 2nd period - Frans Nielsen wins face-off versus Zach Parise in Rangers zone.
12:33 of 2nd period - Icing by P.K. Subban.
12:34 of 2nd period - Tyler Ennis wins face-off versus Zach Parise in BlackHawks zone.
12:35 of 2nd period - Shot by Ilya Kovalchuk.
12:35 of 2nd period - Goal by Ilya Kovalchuk - Rangers : 2 - BlackHawks : 0.
12:36 of 2nd period - Tyler Ennis wins face-off versus Darren Helm in neutral zone.
12:41 of 2nd period - Minor Penalty to Darren Helm for Hooking.
12:42 of 2nd period - Vinny Prospal wins face-off versus Zach Parise in BlackHawks zone.
12:49 of 2nd period - Shot by Francois Beauchemin.
12:49 of 2nd period - Stopped by Martin Brodeur without a rebound.
12:50 of 2nd period - Zach Parise wins face-off versus Ilya Kovalchuk in BlackHawks zone.
13:25 of 2nd period - Shot by Radim Vrbata.
13:25 of 2nd period - Shot Misses the Net.
13:27 of 2nd period - Shot by Radim Vrbata.
13:27 of 2nd period - Stopped by Martin Brodeur with a rebound.
13:29 of 2nd period - Shot by Radim Vrbata.
13:29 of 2nd period - Deflect By Vinny Prospal.
13:29 of 2nd period - Goal by Vinny Prospal - Rangers : 3 - BlackHawks : 0.
13:30 of 2nd period - Jim Slater wins face-off versus Darren Helm in neutral zone.
13:30 of 2nd period - Sheldon Souray is hit by Darren Helm and loses puck.
14:15 of 2nd period - Mike Weaver is hit by Jamie McGinn and loses puck.
14:37 of 2nd period - Brett Clark is hit by Ilya Kovalchuk and loses puck.
14:56 of 2nd period - Shot by Francois Beauchemin.
14:56 of 2nd period - Stopped by Martin Brodeur without a rebound.
14:57 of 2nd period - Zach Parise wins face-off versus David Perron in BlackHawks zone.
14:57 of 2nd period - Zach Parise is hit by Vinny Prospal.
15:00 of 2nd period - Icing by Anton Babchuk.
15:01 of 2nd period - Zach Parise wins face-off versus David Legwand in BlackHawks zone.
15:09 of 2nd period - Zach Parise is hit by Stephane Robidas and loses puck.
15:28 of 2nd period - Shot by Bryan Little.
15:28 of 2nd period - Shot Misses the Net.
16:02 of 2nd period - Tyler Kennedy is hit by Francois Beauchemin and loses puck.
16:40 of 2nd period - Icing by Tyler Kennedy.
16:41 of 2nd period - Darren Helm wins face-off versus Frans Nielsen in BlackHawks zone.
16:41 of 2nd period - Darren Helm is hit by Chris Kunitz.
16:56 of 2nd period - Icing by Bryan Allen.
16:57 of 2nd period - Frans Nielsen wins face-off versus Simon Gagne in Rangers zone.
17:03 of 2nd period - Icing by Zach Parise.
17:04 of 2nd period - Zach Parise wins face-off versus Tyler Ennis in BlackHawks zone.
17:08 of 2nd period - Brett Clark is hit by Mike Weaver and loses puck.
17:15 of 2nd period - Chris Campoli is hit by Ilya Kovalchuk and loses puck.
17:29 of 2nd period - Tyler Ennis is hit by Brett Clark and loses puck.
17:35 of 2nd period - Minor Penalty to Brett Clark for Hooking.
17:36 of 2nd period - Zach Parise wins face-off versus David Legwand in BlackHawks zone.
17:49 of 2nd period - Shot by Francois Beauchemin.
17:49 of 2nd period - Stopped by Martin Brodeur with a rebound.
18:07 of 2nd period - Shot by David Perron.
18:07 of 2nd period - Shot Blocked by P.K. Subban.
18:34 of 2nd period - Shot by Radim Vrbata.
18:34 of 2nd period - Stopped by Martin Brodeur without a rebound.
18:35 of 2nd period - Darren Helm wins face-off versus Vinny Prospal in BlackHawks zone.
19:23 of 2nd period - Shot by David Perron.
19:23 of 2nd period - Stopped by Martin Brodeur without a rebound.
19:23 of 2nd period - Minor Penalty to Chris Campoli for Holding.
19:24 of 2nd period - David Perron wins face-off versus Zach Parise in BlackHawks zone.

3rd period


0:01 of 3rd period - Zach Parise wins face-off versus Vinny Prospal in neutral zone.
0:40 of 3rd period - Shot by Stephane Robidas.
0:40 of 3rd period - Stopped by Martin Brodeur without a rebound.
0:41 of 3rd period - David Legwand wins face-off versus Darren Helm in BlackHawks zone.
1:04 of 3rd period - Shot by David Legwand.
1:04 of 3rd period - Stopped by Martin Brodeur without a rebound.
1:05 of 3rd period - Vinny Prospal wins face-off versus Zach Parise in BlackHawks zone.
1:11 of 3rd period - Shot by Francois Beauchemin.
1:11 of 3rd period - Shot Misses the Net.
1:28 of 3rd period - Minor Penalty to P.K. Subban for Interference.
1:29 of 3rd period - David Legwand wins face-off versus Zach Parise in BlackHawks zone.
2:07 of 3rd period - Icing by Mike Weaver.
2:08 of 3rd period - David Legwand wins face-off versus Zach Parise in Rangers zone.
2:08 of 3rd period - David Legwand is hit by Robyn Regehr.
2:22 of 3rd period - Shot by Bryan Little.
2:22 of 3rd period - Shot Misses the Net.
2:51 of 3rd period - Radim Vrbata is hit by Robyn Regehr and loses puck.
2:54 of 3rd period - Shot by Francois Beauchemin.
2:54 of 3rd period - Shot Misses the Net.
3:12 of 3rd period - Shot by Radim Vrbata.
3:12 of 3rd period - Deflect By Ilya Kovalchuk.
3:12 of 3rd period - Stopped by Martin Brodeur without a rebound.
3:13 of 3rd period - Darren Helm wins face-off versus Vinny Prospal in BlackHawks zone.
3:48 of 3rd period - Shot by Chris Kunitz.
3:48 of 3rd period - Shot Misses the Net.
4:48 of 3rd period - Shot by Ryan Jones.
4:48 of 3rd period - Stopped by Martin Brodeur without a rebound.
4:49 of 3rd period - Zach Parise wins face-off versus Tyler Ennis in BlackHawks zone.
5:19 of 3rd period - Tyler Ennis is hit by Brett Clark and loses puck.
5:22 of 3rd period - Shot by Radim Vrbata.
5:22 of 3rd period - Stopped by Martin Brodeur without a rebound.
5:23 of 3rd period - David Legwand wins face-off versus Darren Helm in BlackHawks zone.
5:49 of 3rd period - Tyler Kennedy is hit by Sheldon Souray and loses puck.
5:59 of 3rd period - Darren Helm is hit by Mike Weaver and loses puck.
6:27 of 3rd period - Minor Penalty to Mark Eaton for Hooking.
6:28 of 3rd period - Vinny Prospal wins face-off versus Zach Parise in BlackHawks zone.
6:33 of 3rd period - Shot by Radim Vrbata.
6:33 of 3rd period - Stopped by Martin Brodeur with a rebound.
6:37 of 3rd period - Shot by Stephane Robidas.
6:37 of 3rd period - Goal by Stephane Robidas - Rangers : 4 - BlackHawks : 0.
6:38 of 3rd period - Samuel Pahlsson wins face-off versus Tyler Ennis in neutral zone.
7:08 of 3rd period - Shot by Samuel Pahlsson.
7:08 of 3rd period - Stopped by Tomas Vokoun without a rebound.
7:09 of 3rd period - Frans Nielsen wins face-off versus Zach Parise in Rangers zone.
7:43 of 3rd period - Shot by Frans Nielsen.
7:43 of 3rd period - Shot Misses the Net.
7:51 of 3rd period - Shot by Chris Kunitz.
7:51 of 3rd period - Stopped by Martin Brodeur without a rebound.
7:52 of 3rd period - Darren Helm wins face-off versus Tyler Ennis in BlackHawks zone.
8:02 of 3rd period - Shot by Tyler Kennedy.
8:02 of 3rd period - Stopped by Tomas Vokoun without a rebound.
8:03 of 3rd period - Samuel Pahlsson wins face-off versus David Legwand in Rangers zone.
8:12 of 3rd period - Francois Beauchemin is hit by Samuel Pahlsson and loses puck.
9:40 of 3rd period - P.K. Subban is hit by Mike Weaver and loses puck.
10:09 of 3rd period - Shot by Frans Nielsen.
10:09 of 3rd period - Stopped by Martin Brodeur with a rebound.
10:11 of 3rd period - Shot by Frans Nielsen.
10:11 of 3rd period - Shot Blocked by P.K. Subban.
10:24 of 3rd period - Icing by P.K. Subban.
10:25 of 3rd period - Bryan Little wins face-off versus Jim Slater in BlackHawks zone.
10:27 of 3rd period - Minor Penalty to Zack Smith for Hooking.
10:28 of 3rd period - Jim Slater wins face-off versus Darren Helm in Rangers zone.
10:44 of 3rd period - Shot by Tyler Kennedy.
10:44 of 3rd period - Shot Misses the Net.
10:48 of 3rd period - Shot by Darren Helm.
10:48 of 3rd period - Stopped by Tomas Vokoun without a rebound.
10:49 of 3rd period - Darren Helm wins face-off versus Jim Slater in Rangers zone.
10:53 of 3rd period - Darren Helm is hit by Francois Beauchemin and loses puck.
11:19 of 3rd period - Minor Penalty to Francois Beauchemin for Roughing.
11:20 of 3rd period - Bryan Little wins face-off versus Jim Slater in Rangers zone.
11:29 of 3rd period - Shot by Simon Gagne.
11:29 of 3rd period - Stopped by Tomas Vokoun without a rebound.
11:30 of 3rd period - Jim Slater wins face-off versus Zach Parise in Rangers zone.
11:51 of 3rd period - Shot by Simon Gagne.
11:51 of 3rd period - Shot Misses the Net.
11:53 of 3rd period - Shot by Zach Parise.
11:53 of 3rd period - Shot Misses the Net.
11:57 of 3rd period - Shot by Bryan Little.
11:57 of 3rd period - Shot Misses the Net.
12:18 of 3rd period - Icing by Zach Parise.
12:19 of 3rd period - Zach Parise wins face-off versus Radim Vrbata in BlackHawks zone.
12:41 of 3rd period - Icing by P.K. Subban.
12:42 of 3rd period - Radim Vrbata wins face-off versus Darren Helm in BlackHawks zone.
13:09 of 3rd period - Shot by Frans Nielsen.
13:09 of 3rd period - Stopped by Martin Brodeur without a rebound.
13:10 of 3rd period - Jim Slater wins face-off versus Zach Parise in BlackHawks zone.
13:45 of 3rd period - Icing by Radim Vrbata.
13:46 of 3rd period - Ilya Kovalchuk wins face-off versus Zach Parise in Rangers zone.
13:50 of 3rd period - Stephane Robidas is hit by Robyn Regehr and loses puck.
13:51 of 3rd period - Minor Penalty to Robyn Regehr for Cross-checking.
13:52 of 3rd period - Zach Parise wins face-off versus David Legwand in BlackHawks zone.
14:26 of 3rd period - Shot by David Perron.
14:26 of 3rd period - Stopped by Martin Brodeur without a rebound.
14:27 of 3rd period - Vinny Prospal wins face-off versus Zach Parise in BlackHawks zone.
14:40 of 3rd period - Shot by Stephane Robidas.
14:40 of 3rd period - Shot Blocked by Anton Babchuk.
15:47 of 3rd period - Shot by Mike Weaver.
15:47 of 3rd period - Stopped by Martin Brodeur without a rebound.
15:48 of 3rd period - Darren Helm wins face-off versus Vinny Prospal in BlackHawks zone.
17:37 of 3rd period - Off-side.
17:38 of 3rd period - Zach Parise wins face-off versus Tyler Ennis in neutral zone.
17:38 of 3rd period - P.K. Subban is hit by Radim Vrbata and loses puck.
18:30 of 3rd period - Icing by Simon Gagne.
18:31 of 3rd period - David Legwand wins face-off versus Zach Parise in BlackHawks zone.
18:36 of 3rd period - Shot by David Perron.
18:36 of 3rd period - Stopped by Martin Brodeur without a rebound.
18:37 of 3rd period - Darren Helm wins face-off versus David Legwand in BlackHawks zone.
18:37 of 3rd period - Darren Helm is hit by David Perron.
19:01 of 3rd period - Darren Helm is hit by Stephane Robidas.
19:05 of 3rd period - Shot by Tyler Kennedy.
19:05 of 3rd period - Stopped by Tomas Vokoun without a rebound.
19:06 of 3rd period - Samuel Pahlsson wins face-off versus Tyler Ennis in Rangers zone.
19:07 of 3rd period - Shot by Mathieu Darche.
19:07 of 3rd period - Shot Misses the Net.
19:09 of 3rd period - Shot by Mathieu Darche.
19:09 of 3rd period - Shot Misses the Net.
19:11 of 3rd period - Shot by Samuel Pahlsson.
19:11 of 3rd period - Stopped by Tomas Vokoun with a rebound.
19:13 of 3rd period - Shot by Louis Leblanc.
19:13 of 3rd period - Shot Blocked by Bryan Allen.
19:37 of 3rd period - Shot by Mathieu Darche.
19:37 of 3rd period - Stopped by Tomas Vokoun with a rebound.
19:55 of 3rd period - Shot by P.K. Subban.
19:55 of 3rd period - Shot Misses the Net.
19:57 of 3rd period - Shot by Simon Gagne.
19:57 of 3rd period - Stopped by Tomas Vokoun without a rebound.
19:58 of 3rd period - Zach Parise wins face-off versus David Legwand in Rangers zone.
19:58 of 3rd period - Zach Parise is hit by Stephane Robidas.


Output by the SimonT Hockey Simulator (STHS) for Stephane Roy -- Original Page W3C XHTML 1.0 Valid
Hockey Simulator - Hockey Simulation - Hockey Manager